 Dungeon Crawl Stone Soup version 0.32-a0-42-ga30500b4d3 (webtiles) character file.

Game seed: 2714682593555197216

44 Curundu the Chopper (level 3, 0/33 HPs)
             Began as a Minotaur Berserker on Jan 26, 2024.
             Was a Believer of Trog.
             Slain by Robin
             ... wielding a +0 spectral club
              (4 damage)
             ... on level 2 of the Dungeon.
             The game lasted 00:04:06 (945 turns).

Curundu the Chopper (Minotaur Berserker)             Turns: 945, Time: 00:04:06

Health: 0/33       AC:  2    Str: 23    XL:     3   Next: 41%
Magic:  2/2        EV: 12    Int:  4    God:    Trog [**....]
Gold:   37         SH:  0    Dex:  9    Spells: 2/2 levels left

rFire   . . .        a - +0 hand axe
rCold   . . .        (no shield)
rNeg    . . .        b - +0 animal skin
rPois   .            (helmet restricted)
rElec   .            (no cloak)
rCorr   .            (no gloves)
SInv    .            (no boots)
Will    .....        (no amulet)
Stlth   +            (no ring)
HPRegen 0.25/turn    (no ring)
MPRegen 0.08/turn

%: no passive effects
@: no status effects
A: horns 2, retaliatory headbutt
a: Renounce Religion, Berserk, Trog's Hand


You were on level 2 of the Dungeon.
You worshipped Trog.
Trog was pleased with you.
You visited 1 branch of the dungeon, and saw 2 of its levels.

You collected 37 gold pieces.

Inventory:

Hand Weapons
 a - a +0 hand axe (weapon)
Armour
 b - a +0 animal skin (worn)
Scrolls
 d - a scroll of teleportation {unknown}
Potions
 c - a potion of attraction {unknown}
 f - a potion of ambrosia {unknown}


   Skills:
 + Level 4.1 Fighting
 + Level 4.2 Axes
 + Level 3.1 Armour
 + Level 2.8 Dodging


You had 2 spell levels left.
You didn't know any spells.
Your spell library was empty.

Dungeon Overview and Level Annotations

Branches:
Dungeon (2/15)

Altars:

Shops:
D:1 *   D:2 (

Annotations:
D:2 Robin


Innate Abilities, Weirdness & Mutations

You have a pair of horns on your head.
You reflexively headbutt those who attack you in melee.


Message History

You kill the goblin!
Trog accepts your kill. The goblin hits you with a +0 dagger.
The goblin hits you with a +0 club. The goblin closely misses you.
You furiously retaliate!
You headbutt the goblin!
You kill the goblin!
Trog accepts your kill. The hobgoblin closely misses you.
You furiously retaliate!
You headbutt the hobgoblin.
Items here: )))) †††.
You hit the goblin.
You kill the goblin!
Trog accepts your kill.
You barely miss the hobgoblin. You hit the hobgoblin but do no damage.
Robin roars a battlecry!
The hobgoblins go into a battle-frenzy!
The hobgoblin hits you.
A kobold comes into view. It is wielding a +0 dagger.
The hobgoblin hits you. x2; The hobgoblin barely misses you.
You furiously retaliate!
You headbutt the hobgoblin.
You kill the hobgoblin!
Trog accepts your kill.
The kobold shouts!
You hit Robin. Your headbutt misses Robin.
Robin is moderately wounded.
You barely miss the hobgoblin.
A goblin comes into view. It is wielding a +0 club.
The hobgoblin hits you. Robin barely misses you. The +0 spectral club hits you.
* * * LOW HITPOINT WARNING * * *
A +0 spectral club comes into view.
The goblin shouts!
You slash Robin!
Robin is severely wounded.
You hit the hobgoblin.
You hit the +0 spectral club but do no damage.
The hobgoblin hits you.
* * * LOW HITPOINT WARNING * * *
Robin hits you with a +0 spectral club.
You die...
Robin calls out, "Let's celebrate!
Time for a feast!"

....... ##...............#
....####.................###
......####..#.########.#.......
...#........#.# ##....######..
......)....g..####..####
........#..#.......##
..........###(#)..#######
.........# #..>.)......# .....
##.g@######.. ..... #...g#
#....# #....# .....K# .......#
......... ###......


You could see a +0 spectral club, Robin, a hobgoblin (strong), a goblin and a
kobold.

Vanquished Creatures
  2 dart slugs (D:1)
  4 ball pythons (D:1)
  An endoplasm (D:1)
  10 goblins
  9 hobgoblins
  2 kobolds
  A quokka (D:1)
  A bat (D:1)
  A frilled lizard (D:1)
  2 rats (D:1)
33 creatures vanquished.

Notes
Turn   | Place    | Note
-------+----------+-------------------------------------------
     0 | D:1      | Curundu the Minotaur Berserker began the quest for the Orb.
     0 | D:1      | Reached XP level 1. HP: 19/19 MP: 0/0
   131 | D:1      | Reached XP level 2. HP: 24/27 MP: 1/1
   228 | D:1      | Reached ** piety under Trog
   236 | D:1      | Found a transporter.
   357 | D:1      | Found Buic's General Store.
   478 | D:1      | Found a transporter.
   482 | D:1      | Reached XP level 3. HP: 31/33 MP: 2/2
   865 | D:2      | Found Ruotwes's Weapon Shop.
   936 | D:2      | Noticed Robin
   945 | D:2      | Slain by Robin

Illustrated notes

Levels and vault maps discovered:
D:1:      kennysheep_arrival_seaside, layout_rooms, serial_shops,
          nicolae_shop_drivethru, minmay_tromino_i4
D:2:      layout_rooms, serial_shops, shop, amcnicky_mini_pool_small,
          grunt_decor_arrowhead, uniq_robin

Skill      XL: |  1  2 |
---------------+-------+-----
Axes           | 4 |  4.2
Fighting       | 4 |  4.1
Armour         | 3 |  3.1
Dodging        | |  2.8

Action                     || total
---------------------------++-------
  Melee: Hand axe          ||    46
         Headbutt          ||     4
         Punch             ||     1
    Use: Scroll            ||     4
 Armour: Animal skin       ||    31
  Dodge: Dodged            ||    39

Table legend: (Time is in decaauts)
 A = Elapsed time spent in this place.
 B = Non-inter-level travel time spent in this place.
 C = Inter-level travel time spent in this place.
 D = Time resting spent in this place.
 E = Time spent auto-exploring this place.
 F = Levels seen in this place.
 G = Mean time per level.
                   A        B        C        D        E       F      G
               +--------+--------+--------+--------+--------+-----+--------+
         Total |    951 |    951 |      0 |     30 |    549 |   2 |  475.5 |
       Dungeon |    951 |    951 |      0 |     30 |    549 |   2 |  475.5 |
               +--------+--------+--------+--------+--------+-----+--------+

Top non-repeatable levels by time:
     D:1: 864 daAuts
     D:2: 87 daAuts
